 Dungeon Crawl Stone Soup version 0.28.0-62-gf88900778d (webtiles) character file.

Game seed: 5027883885149273189

555 cbfl8 the Chopper (level 7, -13/61 HPs)
             Began as a Minotaur Berserker on May 17, 2023.
             Was a Priest of Trog.
             Mangled by an ogre
             ... wielding a +0 giant club
              (26 damage)
             ... on level 7 of the Dungeon.
             The game lasted 00:03:12 (3071 turns).

cbfl8 the Chopper (Minotaur Berserker)              Turns: 3071, Time: 00:03:12

Health: -13/61     AC: 12    Str: 27    XL:     7   Next: 8%
Magic:  6/6        EV:  8    Int:  4    God:    Trog [***...]
Gold:   206        SH:  0    Dex: 12    Spells: 6/6 levels left

rFire   . . .      SeeInvis .   a - +0 hand axe (chaos)
rCold   . . .      Faith    .   (no shield)
rNeg    . . .      Spirit   .   s - +0 plate armour
rPois   .          Reflect  .   (helmet restricted)
rElec   .          Harm     .   (no cloak)
rCorr   .          Rampage  .   (no gloves)
Will    .....                   (no boots)
Stlth   ..........              (no amulet)
HPRegen 0.20/turn               b - +6 ring of strength
MPRegen 0.10/turn               (no ring)

@: marked, on berserk cooldown, slowed, very slow
A: horns 2, retaliatory headbutt
a: Renounce Religion, Berserk, Trog's Hand


You were on level 7 of the Dungeon.
You worshipped Trog.
Trog was most pleased with you.
You visited 1 branch of the dungeon, and saw 5 of its levels.

You collected 206 gold pieces.

Inventory:

Hand Weapons
 a - a +0 hand axe of chaos (weapon)
Armour
 s - a +0 plate armour (worn)
Jewellery
 b - a +6 ring of strength (left hand)
Scrolls
 c - a scroll of summoning
 g - a scroll of blinking
Potions
 d - a potion of invisibility {unknown}
 j - 2 potions of degeneration {unknown}
 k - 2 potions of flight {unknown}
 l - a potion of might {unknown}
 m - a potion of mutation {unknown}
 n - a potion of curing {unknown}
 p - a potion of heal wounds {unknown}
 q - a potion of lignification {unknown}


   Skills:
 + Level 5.0 Fighting
 + Level 6.7 Axes
 + Level 4.5 Armour
 + Level 3.0 Dodging
 + Level 0.5 Stealth
 * Level 2.6 Evocations


You had 6 spell levels left.
You didn't know any spells.
Your spell library was empty.

Dungeon Overview and Level Annotations

Branches:
Dungeon (4/15)
 Temple: D:4-7

Altars:
Ru

Annotations:
D:7 Joseph


Innate Abilities, Weirdness & Mutations

You have a pair of horns on your head.
You reflexively headbutt those who attack you in melee.


Message History

You feel a strong urge to attack something.
Your skin stops crawling.
You feel less strong-willed.
You see here 13 stones.
Joseph hits you with a +0 quarterstaff.
An ogre comes into view. It is wielding a +0 giant club.
You slash Joseph!
Joseph suddenly seems more agile.
Joseph is lightly wounded.
Joseph hits you with a +0 quarterstaff!
* * * LOW HITPOINT WARNING * * *
Unknown command.
You barely miss Joseph.
Joseph is lightly wounded.
Unknown command.
You closely miss Joseph.
Joseph is lightly wounded.
Joseph hits you but does no damage.
A jelly comes into view.
Unknown command.
You slash Joseph!
You feel better.
Your headbutt misses Joseph.
Joseph is moderately wounded.
Joseph hits you but does no damage.
Unknown command.
You miss Joseph.
Joseph is moderately wounded.
A killer bee zombie comes into view.
Unknown command.
You hit Joseph. You drain Joseph.
Joseph is moderately wounded.
You are no longer berserk.
You are exhausted.
You feel yourself slow down. Joseph hits you with a +0 quarterstaff.
* * * LOW HITPOINT WARNING * * *
Unknown command.
You slash Joseph!
Joseph is heavily wounded.
You hit the ogre. You freeze the ogre.
An ogre comes into view. It is wielding a +0 giant club.
Joseph hits you but does no damage.
The ogre hits you with a +0 giant club!!
You die...

### #.# ..# #.#
#.### ## #(#
#....#.# #Y#
#.###.###g### #.#
#........gOg# #.#
#########g#@#####O#
#.#.@OJ.Z.#
###########


You could see Joseph (agile, drained), 3 ogres, a jelly, 3 gnolls and a killer
bee zombie.

Vanquished Creatures
  An orc warrior (D:7)
  A sky beast (D:7)
  A black bear (D:7)
  An orc wizard (D:7)
  Robin (D:3)
  5 adders
  An ufetubus (D:7)
  3 worms
  4 dart slugs
  7 orcs
  7 ball pythons
  4 bats
  4 endoplasms
  4 giant cockroaches
  14 goblins
  8 hobgoblins
  4 jackals (D:2)
  4 quokkas
  6 frilled lizards
  2 kobolds
  7 rats
89 creatures vanquished.

Vanquished Creatures (collateral kills)
  An ice beast (D:7)
1 creature vanquished.

Grand Total: 90 creatures vanquished

Notes
Turn   | Place    | Note
-------+----------+-------------------------------------------
     0 | D:1      | cbfl8 the Minotaur Berserker began the quest for the Orb.
     0 | D:1      | Reached XP level 1. HP: 19/19 MP: 0/0
   496 | D:1      | Reached XP level 2. HP: 27/27 MP: 1/1
   740 | D:1      | Reached skill level 4 in Axes
  1280 | D:2      | Reached XP level 3. HP: 33/33 MP: 2/2
  1379 | D:2      | Reached skill level 1 in Evocations
  1439 | D:2      | Reached ** piety under Trog
  1536 | D:2      | Found a sacrificial altar of Ru.
  1708 | D:2      | Found a faded altar of an unknown god.
  1715 | D:2      | Reached XP level 4. HP: 40/40 MP: 3/3
  1921 | D:3      | Noticed Robin
  1924 | D:3      | Killed Robin
  1930 | D:3      | Reached skill level 5 in Axes
  2265 | D:3      | Reached *** piety under Trog
  2287 | D:3      | Reached XP level 5. HP: 47/47 MP: 4/4
  2963 | D:4      | You fall into a shaft and drop 3 floors!
  2965 | D:7      | Noticed an orc warrior
  2980 | D:7      | Killed an orc warrior
  2981 | D:7      | Reached skill level 6 in Axes
  2981 | D:7      | Reached XP level 6. HP: 50/53 MP: 5/5
  3006 | D:7      | Noticed an ice beast
  3019 | D:7      | Killed an ice beast
  3040 | D:7      | Noticed a sky beast
  3051 | D:7      | Noticed Joseph
  3054 | D:7      | Killed a sky beast
  3060 | D:7      | Reached skill level 5 in Fighting
  3060 | D:7      | Reached XP level 7. HP: 52/61 MP: 6/6
  3071 | D:7      | Mangled by an ogre

Illustrated notes

Levels and vault maps discovered:
D:1:      kennysheep_arrival_forest, layout_loops_ring, grunt_decor_junction,
          minmay_crystal_room
D:2:      layout_rooms, basic_altar, hellmonk_ecumenical_altar_crossroads,
          kennysheep_generic_room_8
D:3:      layout_basic, serial_glass, glass_columns_a, glass_columns_b,
          glass_columns_a, glass_columns_a, glass_columns_a, glass_columns_b,
          glass_columns_b, glass_columns_a, glass_columns_b, glass_columns_b,
          glass_columns_a, glass_columns_b, glass_columns_a, glass_columns_b,
          grunt_ministairs_3, st_stairs_3, amcnicky_mini_corridor_feature,
          minmay_vboxes, uniq_robin
D:4:      layout_loops_corners, mainiacjoe_overflow_alcove_4, grunt_ministairs_7
D:7:      layout_loops_ring, nicolae_vehumet_radiance,
          grunt_temple_overflow_cloverleaf, nicolae_ossuary_entry_plus,
          serial_shops, shop, enter_bailey_3, serial_park_tiny_2,
          kennysheep_generic_room_3, uniq_joseph

Skill      XL: |  1  2  3  4  5  6 |
---------------+-------------------+-----
Fighting       | 4 5 |  5.0
Axes           | 4 5 6 |  6.7
Evocations     | 1 2 |  2.6
Armour         | 3 4 |  4.5
Dodging        | 3 |  3.0
Stealth        | |  0.5

Action                   |  1- 3 |  4- 6 |  7- 9 || total
-------------------------+-------+-------+-------++-------
Melee: Hand axe          |    78 |    95 |     9 ||   182
       Headbutt          |    10 |    15 |       ||    25
Invok: Berserk           |       |     3 |       ||     3
       Trog's Hand       |       |     2 |       ||     2
  Use: Scroll            |       |     8 |       ||     8
Armor: Animal skin       |    14 |     1 |       ||    15
       Chain mail        |       |    15 |       ||    15
       Plate armour      |       |    23 |     5 ||    28
Dodge: Dodged            |    41 |    43 |       ||    84
